 Dungeon Crawl Stone Soup version 0.29.1-15-g9cfb28693d (webtiles) character file.

Game seed: 9511476658319396595

18 DocClef the Shield-Bearer (level 2, 0/29 HPs)
             Began as a Gnoll Fighter on Apr 7, 2023.
             Slain by a gnoll
             ... wielding a +0 vampiric halberd
              (13 damage)
             ... on level 2 of the Dungeon.
             The game lasted 00:00:44 (863 turns).

DocClef the Shield-Bearer (Gnoll Fighter)            Turns: 863, Time: 00:00:44

Health: 0/29       AC:  7    Str: 15    XL:     2   Next: 70%
Magic:  2/2        EV:  9    Int:  7    God:
Gold:   40         SH:  5    Dex: 11    Spells: 2/2 levels left

rFire   . . .      SeeInvis .   a - +0 war axe
rCold   . . .      Faith    .   c - +0 buckler
rNeg    . . .      Spirit   .   b - +0 scale mail
rPois   +          Reflect  .   (no helmet)
rElec   .          Harm     .   (no cloak)
rCorr   .          Rampage  .   (no gloves)
Will    .....                   (no boots)
Stlth   ..........              (no amulet)
HPRegen 0.09/turn               f - ring of poison resistance
MPRegen 0.08/turn               (no ring)

@: no status effects
A: fangs 1, strong nose, distributed training
a: no special abilities


You were on level 2 of the Dungeon.
You visited 1 branch of the dungeon, and saw 2 of its levels.

You collected 40 gold pieces.

Inventory:

Hand Weapons
 a - a +0 war axe (weapon)
Armour
 b - a +0 scale mail (worn)
 c - a +0 buckler (worn)
Jewellery
 f - a ring of poison resistance (left hand)
 g - a ring of fire
Scrolls
 h - a scroll of poison {unknown}
 i - a scroll of identify {unknown}
 j - a scroll of teleportation {unknown}
 k - a scroll of enchant weapon {unknown}
 l - a scroll of enchant armour {unknown}
 m - a scroll of amnesia {unknown}
Potions
 d - a potion of might
 e - a potion of magic {unknown}


   Skills:
 + Level 6.5 Fighting
 + Level 0.5 Short Blades
 + Level 0.5 Long Blades
 + Level 4.5 Axes
 + Level 0.5 Maces & Flails
 + Level 0.5 Polearms
 + Level 0.5 Staves
 + Level 0.5 Ranged Weapons
 + Level 0.5 Throwing
 + Level 6.5 Armour
 + Level 0.5 Dodging
 + Level 0.5 Stealth
 + Level 6.5 Shields
 + Level 0.5 Unarmed Combat
 + Level 0.5 Spellcasting
 + Level 0.3 Conjurations
 + Level 0.3 Hexes
 + Level 0.3 Summonings
 + Level 0.3 Necromancy
 + Level 0.3 Translocations
 + Level 0.3 Transmutations
 + Level 0.3 Fire Magic
 + Level 0.3 Ice Magic
 + Level 0.3 Air Magic
 + Level 0.3 Earth Magic
 + Level 0.3 Poison Magic
 + Level 0.6 Invocations
 + Level 0.5 Evocations


You had 2 spell levels left.
You didn't know any spells.
Your spell library was empty.

Dungeon Overview and Level Annotations

Branches:
Dungeon (2/15)

Altars:


Innate Abilities, Weirdness & Mutations

You have very sharp teeth.
Your uncanny sense of smell can sniff out nearby items.
Your experience applies equally to all skills.


Message History

You hit the kobold.
You kill the kobold!
The gnoll barely misses you.
The goblin unwields a +0 dagger.
The goblin wields a +0 sling.
The goblin shoots a sling bullet.
The sling bullet hits you but does no damage.
You block the gnoll's attack.
The goblin unwields a +0 sling.
The goblin wields a +0 dagger.
The goblin hits you but does no damage.
You see here a +0 whip.
You barely miss the gnoll. You closely miss the goblin.
The gnoll hits you with a +0 vampiric halberd!
You block the goblin's attack.
You hit the gnoll but do no damage. You hit the goblin.
A gnoll comes into view. It is wielding a +0 spear.
The gnoll hits you with a +0 vampiric halberd.
The goblin hits you but does no damage. The gnoll barely misses you.
The gnoll hits you from afar with a +0 spear.
You are too injured to fight recklessly!
You are too injured to fight recklessly!
You are too injured to fight recklessly!
You are too injured to fight recklessly!
You are too injured to fight recklessly!
You are too injured to fight recklessly!
You are too injured to fight recklessly!
You are too injured to fight recklessly!
You are too injured to fight recklessly!
You are too injured to fight recklessly!
You are too injured to fight recklessly!
You are too injured to fight recklessly!
You are too injured to fight recklessly!
You are too injured to fight recklessly!
You are too injured to fight recklessly!
You are too injured to fight recklessly!
You are too injured to fight recklessly!
You are too injured to fight recklessly!
You are too injured to fight recklessly!
Unknown command.
You completely miss the gnoll. You hit the goblin.
The goblin hits you but does no damage. You block the gnoll's attack.
The gnoll hits you with a +0 vampiric halberd!
You die...

#.#<#
#.#.#
#.#.#
#.#.#
#.#.#
#.###.#.#
#.....!.#
#####.###
#@# #gg#


gg... ###.### .# .. .# .# You could see 3 gnolls and a goblin.

Vanquished Creatures
  3 ball pythons (D:1)
  An endoplasm (D:1)
  2 giant cockroaches (D:1)
  A goblin (D:1)
  3 kobolds
  3 quokkas (D:1)
  2 frilled lizards (D:1)
  A rat (D:1)
16 creatures vanquished.

Notes
Turn   | Place    | Note
-------+----------+-------------------------------------------
     0 | D:1      | DocClef the Gnoll Fighter began the quest for the Orb.
     0 | D:1      | Reached XP level 1. HP: 23/23 MP: 1/1
   321 | D:1      | Reached XP level 2. HP: 29/29 MP: 2/2
   350 | D:1      | Found a faded altar of an unknown god.
   863 | D:2      | Slain by a gnoll

Illustrated notes

Levels and vault maps discovered:
D:1:      amcnicky_arrival_feature_with_door, layout_basic,
          shapermc_ecumenical_altar_mp_highgroup, minmay_shallow_snake_nest
D:2:      layout_loops_ring, nicolae_figureground_pulse

Action                   || total
-------------------------++-------
Melee: War axe           ||    41
       Bite              ||     1
Armor: Scale mail        ||    15
Dodge: Dodged            ||    20
Block: Buckler           ||    17
